 Dungeon Crawl Stone Soup version 0.28-a0-313-gbc0475efdd (webtiles) character file.

Game seed: 16808147413813455320

1032 Dirtsage the Changer (level 8, -2/48 HPs)
             Began as an Octopode Transmuter on Aug 31, 2021.
             Was an Initiate of Ru.
             Slain by a hornet zombie (6 damage)
             ... on level 6 of the Dungeon.
             The game lasted 00:15:21 (5145 turns).

Dirtsage the Changer (Octopode Transmuter)          Turns: 5145, Time: 00:15:21

Health: -2/48      AC:  1    Str: 11    XL:     8   Next: 23%
Magic:  10/11      EV: 13    Int: 16    God:    Ru [......]
Gold:   264        SH:  0    Dex: 12    Spells: 1/11 levels left

rFire   . . .      SeeInvis .     - Unarmed
rCold   . . .      Faith    .   (no shield)
rNeg    . . .      Spirit   .   (helmet restricted)
rPois   .          Reflect  .   e - amulet of regeneration
rElec   .          Harm     .   (no ring)
rCorr   .          Rampage  .   (no ring)
Will    .....                   (no ring)
Stlth   ++........              (no ring)
HPRegen 1.16/turn               (no ring)
MPRegen 0.12/turn               (no ring)
                                (no ring)
                                (no ring)

@: no status effects
A: almost no armour, amphibious, 8 rings, camouflage 1, gelatinous body 1,
(nimble swimmer 1), tentacles
a: Renounce Religion


You were on level 6 of the Dungeon.
You worshipped Ru.
Ru was noncommittal.
You visited 2 branches of the dungeon, and saw 7 of its levels.

You collected 264 gold pieces.


Innate Abilities, Weirdness & Mutations

You cannot wear most types of armour.
You are amphibious.
You can wear up to eight rings at the same time.
Your skin changes colour to match your surroundings (Stealth+).
Your rubbery body absorbs attacks. (AC +1, EV +1)
((You are camouflaged near water. (Stealth+)))
You have tentacles for arms and can constrict up to eight enemies at once.


   Skills:
 + Level 1.3 Fighting
 - Level 2.0 Dodging
 + Level 3.1 Unarmed Combat
 - Level 2.0 Spellcasting
 * Level 6.6 Transmutations
 * Level 4.8 Ice Magic
 - Level 5.0 Poison Magic


You had one spell level left.
You knew the following spells:

 Your Spells              Type           Power      Damage    Failure   Level
b - Beastly Appendage     Tmut           44%        N/A       1%          1
c - Ice Form              Ice/Tmut       19%        N/A       21%         4
s - Spider Form           Tmut/Pois      10%        N/A       5%          3
w - Wereblood             Tmut           22%        N/A       1%          2

Your spell library contained the following spells:

 Spells                   Type           Power      Damage    Failure   Level
 Poisonous Vapours        Pois/Air       18%        N/A       11%         2
 Corpse Rot               Necr/Air       N/A        N/A       30%         2
 Static Discharge         Conj/Air       1%         N/A       30%         2
 Call Canine Familiar     Summ           1%         N/A       52%         3
 Dazzling Flash           Conj/Hex       2%         N/A       52%         3
 Portal Projectile        Hex/Tloc       2%         N/A       52%         3
 Dispel Undead            Necr           1%         3d6       90%         4
 Iskenderun's Mystic Bla  Conj/Tloc      1%         2d3       90%         4
 Leda's Liquefaction      Hex/Erth       0%         N/A       90%         4
 Sticky Flame             Conj/Fire      1%         2d3       90%         4
 Freezing Cloud           Conj/Ice/Air   3%         6-21      96%         5
 Starburst                Conj/Fire      0%         6d3       100%        6

Inventory:

Missiles
 g - a throwing net {=f}
Magical Staves
 j - a staff of poison {!a}
Jewellery
 e - an amulet of regeneration (around mantle)
Wands
 k - a wand of iceblast (10)
 n - a wand of acid (11)
Scrolls
 b - a scroll of amnesia {unknown}
 l - 3 scrolls of teleportation {@r2}
Potions
 a - 2 potions of mutation {unknown}
 c - 2 potions of flight
 d - 2 potions of curing {unknown}
 f - a potion of lignification {unknown}
 h - 2 potions of heal wounds {@q2}
 i - a potion of invisibility {unknown}

Dungeon Overview and Level Annotations

Branches:
Dungeon (6/15)             Temple (1/1) D:5

Altars:
Ashenzari
Fedhas
Hepliaklqana
Kikubaaqudgha
Makhleb
Nemelex Xobeh
Okawaru
Ru
Sif Muna
Trog
Uskayaw
Vehumet
Yredelemnul
Zin
The Shining One

Shops:
D:5

( .####..
....... .......
....... .(.....
.......
####.......
#.Z@..#
#.###.##. #.#
..... .######
#)##...##
.......###.#Z.#
.......<##...#
#####.)......#
#...........o#
#.............


You could see a hornet zombie.


Message History

You hit the orc.
The orc is poisoned.
The orc is moderately wounded.
The orc hits you with a +0 whip.
* * * LOW HITPOINT WARNING * * *
You hit the orc.
The orc looks as sick as possible!
The orc is heavily wounded.
The orc hits you with a +0 whip.
* * * LOW HITPOINT WARNING * * *
You hit the orc.
You kill the orc!
You bite the orc!
You kill the orc!
You hit the hornet zombie but do no damage.
The hornet zombie hits you!
* * * LOW HITPOINT WARNING * * *
You hit the hornet zombie.
The hornet zombie is lightly damaged.
The hornet zombie hits you.
* * * LOW HITPOINT WARNING * * *
You bite the hornet zombie!
The hornet zombie is moderately damaged.
The hornet zombie barely misses you.
The hornet zombie completely misses you.
You hit the hornet zombie but do no damage.
The hornet zombie is moderately damaged.
Your transformation has ended.
The hornet zombie hits you!
* * * LOW HITPOINT WARNING * * *
Found 9 bolts.
The hornet zombie hits you.
You die...

Skill      XL: |  1  2  3  4  5  6  7 |
---------------+----------------------+-----
Poison Magic   | 1 2 4 5 |  5.0
Transmutations | 3 4 5 6 |  6.6
Ice Magic      | 2 4 |  4.8
Fighting       | |  1.3
Dodging        | |  2.0
Unarmed Combat | |  3.1
Spellcasting   | |  2.0

Action                   |  1- 3 |  4- 6 |  7- 9 || total
-------------------------+-------+-------+-------++-------
Melee: Unarmed           |    52 |   153 |    97 ||   302
       Tentacles         |     5 |    16 |     8 ||    29
       Constrict         |    10 |    25 |     6 ||    41
       Kick              |     5 |    12 |    11 ||    28
       Punch             |     2 |     1 |       ||     3
 Cast: Beastly Appendage |     8 |     9 |     5 ||    22
       Spider Form       |       |     4 |     6 ||    10
       Wereblood         |       |     1 |     3 ||     4
  Use: Scroll            |     3 |     3 |     3 ||     9
 Stab: Sleeping          |     6 |     8 |       ||    14
Armor: Skin              |     2 |     5 |     6 ||    13
Dodge: Dodged            |    24 |    86 |    48 ||   158

Levels and vault maps discovered:
D:1:      wander_arrival_fairy_ring, layout_basic
D:2:      layout_basic, basic_altar
D:3:      layout_loops_corners, hangedman_abyss_or_decor_lesser_grid
D:4:      layout_gridville, minmay_misc_feat_doors, kennysheep_generic_room_13
D:5:      layout_loops_corners, minmay_temple_entry_fiery, serial_shops,
          nicolae_shop_behind_doors, minmay_pentangle
D:6:      layout_rooms, serial_shops, nicolae_take_the_stairs
Temple:   nicolae_temple_great_sept

Notes
Turn   | Place    | Note
-------+----------+-------------------------------------------
     0 | D:1      | Dirtsage the Octopode Transmuter began the quest for the
                  | Orb.
     0 | D:1      | Reached XP level 1. HP: 13/13 MP: 3/3
   190 | D:1      | Reached skill level 1 in Poison Magic
   445 | D:1      | Reached XP level 2. HP: 18/18 MP: 5/5
   448 | D:1      | Learned a level 2 spell: Wereblood
   908 | D:2      | Found a blossoming altar of Fedhas.
   917 | D:2      | Reached skill level 2 in Poison Magic
   917 | D:2      | Reached XP level 3. HP: 17/23 MP: 4/6
  1235 | D:2      | Learned a level 3 spell: Spider Form
  1531 | D:2      | Reached skill level 3 in Transmutations
  1687 | D:2      | Reached XP level 4. HP: 14/28 MP: 7/7
  2136 | D:3      | Reached skill level 3 in Poison Magic
  2566 | D:3      | Noticed a bullfrog
  2578 | D:3      | Killed a bullfrog
  2579 | D:3      | Reached skill level 4 in Poison Magic
  2579 | D:3      | Reached XP level 5. HP: 19/33 MP: 2/8
  2852 | D:4      | Reached skill level 4 in Transmutations
  3043 | D:4      | Reached XP level 6. HP: 27/38 MP: 9/9
  3432 | D:5      | Entered Level 5 of the Dungeon
  3786 | D:5      | Found Xehuext's Antique Weapon Shop.
  3863 | D:5      | Reached skill level 1 in Ice Magic
  3863 | D:5      | Reached skill level 5 in Poison Magic
  3904 | D:5      | Reached skill level 5 in Transmutations
  3904 | D:5      | Reached skill level 2 in Ice Magic
  3924 | D:5      | Reached XP level 7. HP: 39/43 MP: 10/10
  4143 | D:5      | Reached skill level 3 in Ice Magic
  4377 | D:5      | HP: 3/38 [wight (2)]
  4431 | D:5      | Reached skill level 6 in Transmutations
  4460 | D:5      | Reached skill level 4 in Ice Magic
  4582 | D:5      | Found a staircase to the Ecumenical Temple.
  4595 | D:5      | Reached XP level 8. HP: 42/48 MP: 8/11
  4600 | D:5      | Learned a level 4 spell: Ice Form
  4601 | Temple   | Entered the Ecumenical Temple
  4707 | Temple   | Became a worshipper of Ru the Awakened
  5142 | D:6      | HP: 1/48 [hornet zombie (9)]
  5145 | D:6      | Slain by a hornet zombie

Vanquished Creatures
  An orc warrior (D:6)
  A black bear (D:5)
  A sky beast (D:5)
  2 bullfrogs
  A water moccasin zombie (D:5)
  A water moccasin skeleton (D:5)
  4 wights (D:5)
  A howler monkey (D:5)
  A jelly (D:4)
  3 iguanas
  3 orc wizards
  7 adders
  A white imp (D:4)
  An ufetubus (D:5)
  An adder skeleton (D:4)
  3 worms
  A dart slug (D:4)
  6 orcs
  A bat (D:2)
  5 endoplasms
  3 giant cockroaches (D:3)
  8 goblins
  5 hobgoblins
  4 jackals (D:4)
  5 quokkas
  5 ball pythons
  3 frilled lizards
  7 kobolds
  A rat (D:1)
86 creatures vanquished.

Table legend: (Time is in decaauts)
 A = Elapsed time spent in this place.
 B = Non-inter-level travel time spent in this place.
 C = Inter-level travel time spent in this place.
 D = Time resting spent in this place.
 E = Time spent auto-exploring this place.
 F = Levels seen in this place.
 G = Mean time per level.
                   A        B        C        D        E       F      G
               +--------+--------+--------+--------+--------+-----+--------+
         Total |   5129 |   4958 |    171 |      7 |   4031 |   7 |  732.7 |
       Dungeon |   5010 |   4850 |    160 |      7 |   3967 |   6 |  835.0 |
        Temple |    118 |    107 |     11 |      0 |     64 |   1 |  118.0 |
               +--------+--------+--------+--------+--------+-----+--------+

Top non-repeatable levels by time:
     D:2: 1527 daAuts
     D:5: 1246 daAuts
     D:4: 884 daAuts
     D:3: 843 daAuts
     D:1: 467 daAuts
  Temple: 118 daAuts
     D:6: 41 daAuts

Table legend:
 A = Non-vault XP
 B = Vault XP
 C = Vault XP percentage of total XP
 D = Non-vault monster count
 E = Vault monster count
 F = Vault count percentage of total count
                 A         B        C        D         E       F
            +---------+---------+-------+---------+---------+-------
      Total |    1360 |     115 |   7.8 |      84 |       2 |   2.3
            +---------+---------+-------+---------+---------+-------
        D:1 |      11 |       0 |   0.0 |       7 |       0 |   0.0
        D:2 |      73 |       0 |   0.0 |      13 |       0 |   0.0
        D:3 |     126 |       0 |   0.0 |      19 |       0 |   0.0
        D:4 |     141 |       0 |   0.0 |      22 |       0 |   0.0
        D:5 |     832 |     115 |  12.1 |      18 |       2 |  10.0
        D:6 |     177 |       0 |   0.0 |       5 |       0 |   0.0
            +---------+---------+-------+---------+---------+-------
